 Dungeon Crawl Stone Soup version 0.28.0 (webtiles) character file.

Game seed: 15308079219779522317

492 shoop the Caller (level 7, -5/52 HPs)
             Began as a Merfolk Summoner on Feb 8, 2022.
             Slain by Menkaure (20 damage)
             ... on level 4 of the Dungeon on Feb 9, 2022.
             The game lasted 00:10:57 (4781 turns).

shoop the Caller (Merfolk Summoner)                 Turns: 4781, Time: 00:10:58

Health: -5/52      AC:  6    Str: 10    XL:     7   Next: 14%
Magic:  4/12       EV: 13    Int: 15    God:
Gold:   128        SH:  0    Dex: 14    Spells: 9/13 levels left

rFire   . . .      SeeInvis .   x - +1 dagger (elec)
rCold   . . .      Faith    .   (no shield)
rNeg    . . .      Spirit   .   w - +2 animal skin
rPois   .          Reflect  .   d - +0 helmet
rElec   .          Harm     .   (no cloak)
rCorr   .          Rampage  .   o - +0 pair of gloves
Will    .....                   (no boots)
Stlth   ++........              (no amulet)
HPRegen 0.17/turn               (no ring)
MPRegen 0.13/turn               (no ring)

@: very slightly contaminated
A: (nimble swimmer 2), mertail
a: no special abilities


You were on level 4 of the Dungeon.
You visited 1 branch of the dungeon, and saw 4 of its levels.

You collected 128 gold pieces.

Inventory:

Hand Weapons
 b - a +0 mace
 r - a +0 mace of holy wrath
 x - a +1 dagger of electrocution (weapon)
Missiles
 y - 5 poisoned darts
Armour
 a - a +0 robe
 d - a +0 helmet (worn)
 i - a +0 leather armour of poison resistance
 o - a +0 pair of gloves (worn)
 w - a +2 animal skin (worn)
Jewellery
 v - a ring of magical power
 z - an amulet of faith
Scrolls
 f - 2 scrolls of enchant weapon {unknown}
 j - 2 scrolls of identify {unknown}
 k - a scroll of teleportation {unknown}
 l - a scroll of enchant armour {unknown}
 t - a scroll of noise {unknown}
 u - a scroll of acquirement {unknown}
 A - a scroll of magic mapping {unknown}
Potions
 c - a potion of lignification {unknown}
 e - 2 potions of mutation {unknown}
 g - a potion of degeneration {unknown}
 h - a potion of flight {unknown}
 m - a potion of curing {unknown}
 n - a potion of berserk rage {unknown}
 p - a potion of brilliance {unknown}
 q - 2 potions of might {unknown}
 s - a potion of haste {unknown}


   Skills:
 - Level 3.1 Fighting
 - Level 2.0 Short Blades
 - Level 1.0 Throwing
 - Level 2.0 Armour
 - Level 3.0 Dodging
 - Level 2.2 Stealth
 + Level 3.8 Spellcasting
 + Level 5.4 Summonings


You had 9 spell levels left.
You knew the following spells:

 Your Spells              Type           Power      Damage    Failure   Level
a - Summon Small Mammal   Summ           76%        N/A       1%          1
c - Call Canine Familiar  Summ           19%        N/A       6%          3

Your spell library contained the following spells:

 Spells                   Type           Power      Damage    Failure   Level
 Call Imp                 Summ           19%        N/A       3%          2
 Animate Skeleton         Necr           4%         N/A       19%         1
 Foxfire                  Conj/Fire      8%         2x1d4     19%         1
 Magic Dart               Conj           8%         1d3       19%         1
 Pain                     Necr           8%         1d4       19%         1
 Summon Guardian Golem    Hex/Summ       11%        N/A       19%         3
 Searing Ray              Conj           4%         2d4       28%         2
 Conjure Flame            Conj/Fire      2%         6-21      50%         3
 Inner Flame              Hex/Fire       2%         N/A       50%         3
 Vampiric Draining        Necr           2%         2d6       50%         3
 Summon Lightning Spire   Summ/Air       11%        N/A       52%         4
 Animate Dead             Necr           1%         N/A       88%         4
 Flame Wave               Conj/Fire      2%         2d4       88%         4
 Fulminant Prism          Conj/Hex       1%         3d6       88%         4
 Haunt                    Necr/Summ      5%         N/A       100%        7
 Infestation              Necr           1%         N/A       100%        8


Dungeon Overview and Level Annotations

Branches:
Dungeon (4/15)
 Temple: D:4-7

Altars:

Annotations:
D:4 Menkaure


Innate Abilities, Weirdness & Mutations

((You are very nimble when in or above water. (Stealth+, EV+, Speed+++)))
Your lower body shifts to a powerful aquatic tail in water.


Message History

There is an open door here.
Menkaure, Prince of Dust comes into view.
Menkaure shouts!
There is an open door, spattered with blood here.
You start waiting.
Menkaure is nearby!
Casting: Call Canine Familiar (dangerous; 6% risk of failure)
Confirm with . or Enter, or press ? or * to list all spells.
You miscast Call Canine Familiar.
You are very lightly contaminated with residual magic.
Nothing appears to happen.
Menkaure calls on the powers of darkness!
Your body is wracked with pain!
Casting: Call Canine Familiar (dangerous; 6% risk of failure)
Confirm with . or Enter, or press ? or * to list all spells.
Menkaure closely misses you.
You hit Menkaure.
Menkaure is lightly damaged.
Menkaure calls on the powers of darkness!
Your body is wracked with pain!
* * * LOW HITPOINT WARNING * * *
Your hound convulses!
You hit Menkaure but do no damage.
Menkaure is lightly damaged.
Your hound bites Menkaure but does no damage.
Menkaure barely misses you.
You hit Menkaure.
Menkaure is moderately damaged.
Your hound bites Menkaure.
You barely miss Menkaure.
Menkaure is moderately damaged.
Your hound bites Menkaure.
Menkaure hums drily.
Menkaure hits your hound!
Your hound dies!
Your hound's corpse disappears in a puff of smoke!
Casting: Call Canine Familiar (dangerous; 6% risk of failure)
Confirm with . or Enter, or press ? or * to list all spells.
Menkaure hits you!!
You die...

............##...##
.......<....##...#
.............#...# ....
...###......##...# ....
...###......##...# ..M..
.................# ....
............##'### ...#
............##...##...##.
................@#....'..
................hM....#
######.##...##...#....#
#+##...##...#....#
....#######...# ....#
....# .. ....# ...# ...#


You could see Menkaure (ally target) and a friendly hound (summoned).

Vanquished Creatures
  Eustachio (D:3)
  An ogre (D:4)
  A hound (D:4)
  Jessica (D:3)
  An orc wizard (D:3)
  A hound skeleton (D:4)
  Robin (D:3)
  4 adders
  A worm (D:4)
  5 dart slugs
  5 bats
  2 endoplasms
  2 giant cockroaches
  7 goblins
  8 hobgoblins
  2 quokkas
  10 ball pythons
  A frilled lizard (D:1)
  3 kobolds
  11 rats
68 creatures vanquished.

Vanquished Creatures (collateral kills)
  2 adders (D:3)
  A worm (D:2)
  A dart slug (D:1)
  3 orcs (D:3)
  2 ball pythons
  2 endoplasms (D:1)
  A giant cockroach (D:1)
  5 goblins (D:3)
  2 hobgoblins
  4 kobolds
  A bat (D:1)
  A frilled lizard (D:1)
  2 rats
27 creatures vanquished.

Grand Total: 95 creatures vanquished

Notes
Turn   | Place    | Note
-------+----------+-------------------------------------------
     0 | D:1      | shoop the Merfolk Summoner began the quest for the Orb.
     0 | D:1      | Reached XP level 1. HP: 13/13 MP: 3/3
   319 | D:1      | Reached skill level 1 in Fighting
   356 | D:1      | Reached XP level 2. HP: 20/21 MP: 3/5
   931 | D:1      | Reached XP level 3. HP: 19/28 MP: 3/6
  1719 | D:2      | Learned a level 3 spell: Call Canine Familiar
  1770 | D:2      | Found a faded altar of an unknown god.
  1990 | D:2      | Reached skill level 1 in Armour
  2033 | D:2      | Reached XP level 4. HP: 35/35 MP: 4/7
  2469 | D:3      | Noticed Jessica
  2490 | D:3      | Killed Jessica
  3190 | D:3      | Reached XP level 5. HP: 41/41 MP: 6/8
  3198 | D:3      | Noticed Robin
  3206 | D:3      | Reached skill level 1 in Short Blades
  3256 | D:3      | Killed Robin
  3735 | D:3      | Reached skill level 1 in Throwing
  4067 | D:4      | Noticed Eustachio
  4104 | D:4      | Noticed an orc warrior
  4237 | D:3      | Killed Eustachio
  4238 | D:3      | Reached skill level 5 in Summonings
  4238 | D:3      | Reached XP level 6. HP: 28/47 MP: 5/10
  4500 | D:4      | Reached XP level 7. HP: 52/52 MP: 8/12
  4766 | D:4      | Noticed Menkaure
  4781 | D:4      | Slain by Menkaure

Illustrated notes

Levels and vault maps discovered:
D:1:      scummos_arrival_star, layout_loops_corners
D:2:      layout_basic, ebering_ecumenical_altar_sacrificial,
          minmay_split_cup_large
D:3:      layout_loops_corners, kennysheep_generic_room_9, uniq_jessica,
          uniq_robin
D:4:      layout_gridville, uniq_eustachio, uniq_edmund, uniq_menkaure

Skill      XL: |  1  2  3  4  5 |
---------------+----------------+-----
Dodging        | 3 |  3.0
Fighting       | 1 2 3 |  3.1
Armour         | 1 2 |  2.0
Short Blades   | 2 |  2.0
Throwing       | 1 |  1.0
Spellcasting   | 3 |  3.8
Summonings     | 5 |  5.4
Stealth        | |  2.2

Action                   |  1- 3 |  4- 6 |  7- 9 || total
-------------------------+-------+-------+-------++-------
Melee: Mace              |    94 |    78 |       ||   172
       Punch             |     1 |     2 |       ||     3
       Dagger            |       |    69 |    14 ||    83
 Cast: Summon Small Mamm |    40 |    44 |       ||    84
       Call Canine Famil |       |     3 |     3 ||     6
 Stab: Sleeping          |     7 |     4 |       ||    11
       Distracted        |     2 |     1 |       ||     3
Armor: Robe              |    22 |       |       ||    22
       Leather armour    |     7 |    23 |       ||    30
       Animal skin       |       |    25 |     4 ||    29
Dodge: Dodged            |    86 |   106 |     8 ||   200
